 Dungeon Crawl Stone Soup version 0.22-a0-417-g1387785 (webtiles) character file.

1988 Mgcat the Skirmisher (level 9, -2/50 HPs)
             Began as a Vine Stalker Fighter on May 14, 2018.
             Was a Believer of Okawaru.
             Slain by a black bear (3 damage)
             ... on level 6 of the Dungeon.
             The game lasted 00:16:21 (5048 turns).

Mgcat the Skirmisher (Vine Stalker Fighter)         Turns: 5048, Time: 00:16:22

Health: -2/50      AC:  8    Str: 18    XL:     9   Next: 21%
Magic:  0/13       EV:  7    Int:  9    God:    Okawaru [**....]
Gold:   424        SH:  9    Dex: 14    Spells: 8/8 levels left

rFire    . . .     SeeInvis .   y - +1 flail (crush)
rCold    . . .     Gourm    .   c - +0 shield
rNeg     . . .     Faith    .   b - +0 scale mail
rPois    +         Spirit   +   r - +0 helmet (curse)
rElec    .         Reflect  .   (no cloak)
rCorr    .         Harm     .   (no gloves)
MR       +....                  h - +0 pair of boots
Stlth    ..........             (no amulet)
HPRegen  0.56/turn              t - ring of poison resistance {rPois, !d}
MPRegen  0.13/turn              o - -3 ring of strength (curse)

@: no status effects
A: fangs 3, regeneration 1, magic shield, antimagic bite, no potion heal 3, rot
immunity
a: Heroism, Renounce Religion


You were on level 6 of the Dungeon.
You worshipped Okawaru.
Okawaru was pleased with you.
You were not hungry.

You visited 1 branch of the dungeon, and saw 6 of its levels.

You collected 424 gold pieces.

Inventory:

Hand Weapons
 a - a +0 flail
 y - a +1 flail of crushing (weapon)
   (You found it on level 3 of the Dungeon)
Missiles
 x - 4 throwing nets (quivered) {=f, !d}
Armour
 b - a +0 scale mail (worn)
 c - a +0 shield (worn)
 h - a +0 pair of boots (worn)
   (You found it on level 1 of the Dungeon)
 r - a cursed +0 helmet (worn)
   (You found it on level 2 of the Dungeon)
Jewellery
 k - an uncursed ring of protection from cold {rC+, !d}
   (You found it on level 1 of the Dungeon)
 o - a cursed -3 ring of strength (right hand)
   (You found it on level 1 of the Dungeon)
 t - a ring of poison resistance (left hand) {rPois, !d}
   (You found it on level 2 of the Dungeon)
Wands
 u - a wand of polymorph (19)
   (You took it off Natasha on level 2 of the Dungeon)
 C - a wand of random effects (23)
   (You took it off Ijyb on level 5 of the Dungeon)
Scrolls
 g - 3 scrolls of random uselessness {unknown}
 i - 5 scrolls of identify {unknown}
 l - a scroll of amnesia {unknown}
 n - 3 scrolls of immolation {unknown}
 p - a scroll of enchant armour {unknown}
 q - 2 scrolls of fog {unknown}
 w - 2 scrolls of remove curse {unknown}
 z - a scroll of magic mapping {unknown}
 E - a scroll of fear {unknown}
Potions
 d - a potion of berserk rage {unknown}
 e - a potion of curing {unknown}
 j - a potion of mutation {unknown}
 s - 2 potions of brilliance {unknown}
 v - a potion of lignification {unknown}
 A - a potion of magic {unknown}
 B - a potion of ambrosia {unknown}
 D - a potion of degeneration {unknown}
 F - 2 potions of heal wounds {unknown}
Comestibles
 f - 12 rations
 m - 15 chunks of flesh {@w0}


   Skills:
 + Level 7.3 Fighting
 + Level 7.0 Maces & Flails
 - Level 2.4 Armour
 - Level 2.6 Shields
 + Level 5.0 Invocations


You had 8 spell levels left.
You didn't know any spells.
Your spell library contained the following spells:

 Spells                   Type           Power        Failure   Level  Hunger
 Apportation              Tloc           #.....       100%        1    ##.....
 Summon Small Mammal      Summ           #...         100%        1    ##.....
 Animate Skeleton         Necr           N/A          100%        1    ##.....
 Confusing Touch          Hex            #.....       100%        1    ##.....


Dungeon Overview and Level Annotations

Branches:
Dungeon (6/15)             Temple (0/1) D:4

Altars:
Fedhas
Okawaru
Sif Muna
The Shining One


Innate Abilities, Weirdness & Mutations

You have razor-sharp teeth.
Your natural rate of healing is unusually fast.
When hurt, damage is shared between your health and your magic reserves.
Your bite disrupts and absorbs the magic of your enemies.
Potions cannot restore your health.
You are immune to rotting.


Message History

You bite the adder zombie. You drain its power.
You feel invigorated.
The adder zombie is moderately damaged.
You block the adder zombie's attack.
You closely miss the adder zombie.
The adder zombie is moderately damaged.
The adder zombie closely misses you. You block the adder zombie's attack.
You closely miss the adder zombie.
The adder zombie is moderately damaged.
The adder zombie barely misses you.
You barely miss the adder zombie.
The adder zombie is moderately damaged.
The adder zombie bites you but does no damage.
You hit the adder zombie. Your bite misses the adder zombie.
The adder zombie is severely damaged.
You block the adder zombie's attack.
You sock the adder zombie!
You destroy the adder zombie!
Okawaru accepts your kill.
You see here the orc corpse of Blork.
You butcher the orc corpse of Blork.
m - 13 chunks of flesh {@w0} (gained 3)
Things that are here:
a mace; a chain mail; an orc corpse
Things that are here:
a glaive of distortion {!w}; a robe; a wand of polymorph (9)
u - a wand of polymorph (19) (gained 9 charges)
The hound barely misses you.
Some of the chunks of flesh in your inventory have rotted away.
You thump the hound! You bite the hound. You drain its power.
The hound is severely wounded.
The hound bites you but does no damage. You block the hound's attack.
You closely miss the hound.
The hound is severely wounded.
The hound bites you but does no damage. x2
You hit the hound.
You kill the hound!
Okawaru accepts your kill.
No target in view!
No target in view!
No target in view!
You butcher the hound corpse.
m - 14 chunks of flesh {@w0} (gained 3)
You see here a hound skeleton. x2
Things that are here:
a glaive of distortion {!w}; a robe You butcher the orc corpse.
m - 15 chunks of flesh {@w0} (gained 1)
Things that are here:
a mace; a chain mail
Things that are here:
a mace; a chain mail An ogre comes into view.
It is wielding a giant club.
The ogre shouts!
A black bear comes into view.
Evoke which item? (* to show all) (? for menu, Esc to quit)
Aiming: Random Effects
Press: ? - help, Shift-Dir - straight line, f - ogre
Aim: an ogre, wielding a giant club The ogre seems to slow down.
Evoke which item? (* to show all) (? for menu, Esc to quit)
Aiming: Random Effects
Press: ? - help, Shift-Dir - straight line, f - black bear, p - ogre
Aim: a black bear The bolt of poison hits the black bear.
The black bear is poisoned.
The black bear is moderately wounded.
You hit the ogre.
The ogre is lightly wounded.
You block the ogre's attack.
You thump the black bear!
The black bear is almost dead.
The black bear bites you. You block the black bear's attack.
The black bear claws you but does no damage.
Your shield prevents you from hitting the black bear.
The black bear is almost dead.
The black bear goes berserk!
The ogre hits you with a giant club!!
You barely miss the ogre. You bite the ogre. You drain its power.
You feel invigorated.
The ogre is moderately wounded.
The black bear closely misses you. x2; The black bear claws you.
You block the black bear's attack.
The black bear claws you but does no damage.
You block the black bear's attack.
You hit the black bear but do no damage.
The black bear is almost dead.
The black bear bites you but does no damage.
The black bear claws you but does no damage.
The black bear claws you. The ogre hits you with a giant club!!
* * * LOW HITPOINT WARNING * * *
You block the black bear's attack. x2; The black bear claws you.
* * * LOW HITPOINT WARNING * * *
You closely miss the black bear.
The black bear is almost dead.
The black bear looks more healthy.
You block the black bear's attack. The black bear claws you.
* * * LOW HITPOINT WARNING * * *
The black bear claws you but does no damage.
The black bear bites you.
* * * LOW HITPOINT WARNING * * *
You block the black bear's attack. The black bear claws you.
You die...

#...........# #. .#
#.........#######. .#.#### #
#........).....'. #.#....#.
#........###.###.
##......##.#.......# #.# #.
..........#.#...#+## #.###.
...........##.....## #.##..
.........h...#.....# #.##..
.$.......O@........# #..'..
..........).)...#..###'##..
......).........#..##......
........รท.......##..#......
................##..#......
#'#.............##..#......
# #.............##.........
#...........).###..#.....
#.............# #....####


You could see a black bear (berserk) and an ogre.

Vanquished Creatures
  Duvessa (D:4)
  2 ogres
  A sky beast (D:5)
  A phantom (D:2)
  3 centaurs
  A bullfrog (D:5)
  The ghost of grindst0ne the Sneak, an amateur SpEn (D:3)
  Dowan (D:4)
  A gnoll sergeant (D:6)
  3 hounds
  A jelly (D:6)
  4 gnoll shamans (D:6)
  A centaur skeleton (D:6)
  Ijyb (D:5)
  5 worker ants
  Natasha (thrice) (D:2)
  40 gnolls
  7 adders
  An ooze (D:1)
  An adder skeleton (D:5)
  An adder zombie (D:6)
  4 dart slugs
  2 leopard geckos (D:3)
  4 orcs
  8 bats
  4 giant cockroaches
  9 goblins
  9 hobgoblins
  18 jackals
  8 kobolds
  A quokka (D:3)
  A ball python (D:4)
  4 frilled lizards
  A leopard gecko zombie (D:6)
  10 rats
163 creatures vanquished.

Notes
Turn   | Place    | Note
-------+----------+-------------------------------------------
     0 | D:1      | Mgcat the Vine Stalker Fighter began the quest for the Orb.
     0 | D:1      | Reached XP level 1. HP: 11/11 MP: 2/2
    61 | D:1      | Reached skill level 2 in Maces & Flails
   118 | D:1      | Reached XP level 2. HP: 6/16 MP: 0/3
   263 | D:1      | Reached skill level 3 in Fighting
   518 | D:1      | Reached XP level 3. HP: 20/20 MP: 4/4
  1101 | D:2      | Noticed a phantom
  1109 | D:2      | Killed a phantom
  1109 | D:2      | Reached skill level 4 in Fighting
  1109 | D:2      | Reached skill level 3 in Maces & Flails
  1109 | D:2      | Gained mutation: Your natural rate of healing is unusually fast. [Vine Stalker growth]
  1109 | D:2      | Reached XP level 4. HP: 22/25 MP: 5/5
  1109 | D:2      | Reached XP level 5. HP: 25/29 MP: 6/6
  1217 | D:2      | Noticed Natasha
  1225 | D:2      | Killed Natasha
  1398 | D:2      | Noticed Natasha
  1404 | D:2      | Killed Natasha
  1459 | D:2      | Found a deep blue altar of Sif Muna.
  1518 | D:2      | Noticed Natasha
  1525 | D:2      | Killed Natasha
  1525 | D:2      | Reached skill level 4 in Maces & Flails
  1572 | D:2      | Found an iron altar of Okawaru.
  1578 | D:2      | Became a worshipper of Warmaster Okawaru
  1711 | D:3      | Reached XP level 6. HP: 31/34 MP: 7/7
  1892 | D:3      | Reached skill level 5 in Fighting
  2069 | D:3      | Noticed grindst0ne's ghost (amateur SpEn)
  2074 | D:3      | Killed grindst0ne's ghost
  2678 | D:3      | Reached XP level 7. HP: 38/39 MP: 6/8
  2904 | D:4      | Reached skill level 5 in Maces & Flails
  2907 | D:4      | Reached * piety under Okawaru
  2974 | D:4      | Reached skill level 1 in Invocations
  3101 | D:4      | Noticed Duvessa
  3116 | D:4      | Killed Duvessa
  3117 | D:4      | Noticed Dowan
  3148 | D:4      | Killed Dowan
  3148 | D:4      | Reached skill level 2 in Invocations
  3234 | D:4      | Found a staircase to the Ecumenical Temple.
  3455 | D:5      | Entered Level 5 of the Dungeon
  3455 | D:5      | Found a glowing golden altar of the Shining One.
  3486 | D:5      | Reached skill level 6 in Fighting
  3486 | D:5      | Gained mutation: You have razor-sharp teeth. [Vine Stalker growth]
  3486 | D:5      | Reached XP level 8. HP: 38/44 MP: 7/10
  3560 | D:5      | Found a blossoming altar of Fedhas.
  3869 | D:5      | Noticed Ijyb
  3887 | D:5      | Killed Ijyb
  4084 | D:5      | Reached ** piety under Okawaru
  4084 | D:5      | Reached skill level 6 in Maces & Flails
  4084 | D:5      | Reached skill level 3 in Invocations
  4618 | D:6      | Reached skill level 4 in Invocations
  4650 | D:6      | Reached skill level 7 in Fighting
  4666 | D:6      | Reached XP level 9. HP: 20/50 MP: 10/13
  4977 | D:6      | Reached skill level 7 in Maces & Flails
  4996 | D:6      | Noticed Blork the orc
  5000 | D:6      | Noticed Blork
  5000 | D:6      | Blork the orc changed into Blork the jelly
  5005 | D:6      | Killed Blork the jelly
  5005 | D:6      | Reached skill level 5 in Invocations
  5046 | D:6      | HP: 8/50 [black bear (5)]
  5048 | D:6      | HP: 1/50 [black bear (4)]
  5048 | D:6      | Slain by a black bear

Vault maps used:
D:1:      dpeg_arrival_lava_temple_mockup, minmay_large_rounded_square,
          hangedman_decor_lopped, minmay_heptomino_l4
D:2:      kennysheep_six_static_rooms, nicolae_overflow_crystal_walls,
          led_sif_pool, first_ration, uniq_natasha
D:3:      kennysheep_pointless_box
D:4:      minmay_temple_entry_glassed_door, uniq_duvessa
D:5:      lemuel_crystal_altar, overflow_temple_1_default, uniq_ijyb
D:6:      lemuel_castle_with_subvaults, minmay_misc_feat_secret_circle,
          uniq_blork_the_orc, uniq_grinder

Skill      XL: |  1  2  3  4  5  6  7  8  9 |
---------------+----------------------------+-----
Maces & Flails | 2 3 4 5 6 7 |  7.0
Fighting       | 3 4 5 6 7 |  7.3
Invocations    | 2 4 5 |  5.0
Armour         | |  2.4
Shields        | |  2.6

Action                   |  1- 3 |  4- 6 |  7- 9 || total
-------------------------+-------+-------+-------++-------
Melee: Flail             |    81 |   130 |   312 ||   523
       Bite              |    15 |    28 |    75 ||   118
Throw: Throwing net      |       |       |     1 ||     1
Invok: Heroism           |       |       |     3 ||     3
Evoke: Wand              |       |       |     7 ||     7
  Use: Potion            |     1 |       |       ||     1
  Eat: Chunk             |     1 |     4 |     9 ||    14
Armor: Scale mail        |    34 |    46 |   118 ||   198
       Skin              |       |     3 |       ||     3
Dodge: Dodged            |    33 |    38 |    80 ||   151
Block: Shield            |    30 |    59 |   171 ||   260

Table legend:
 A = Spawn XP
 B = Non-spawn XP
 C = Spawn XP percentage of total XP
 D = Spawn monster count
 E = Non-spawn monster count
 F = Spawn count percentage of total count
 G = Total turns spent on level
                    A         B        C        D         E        F      G
               +---------+---------+-------+---------+---------+-------+---------
         Total |       0 |    2841 |   0.0 |       0 |     163 |   0.0 |  5048
               +---------+---------+-------+---------+---------+-------+---------
           D:1 |       0 |      47 |   0.0 |       0 |      25 |   0.0 |   894
           D:2 |       0 |     266 |   0.0 |       0 |      22 |   0.0 |   767
           D:3 |       0 |     317 |   0.0 |       0 |      26 |   0.0 |  1172
           D:4 |       0 |     535 |   0.0 |       0 |      13 |   0.0 |   636
           D:5 |       0 |     579 |   0.0 |       0 |      12 |   0.0 |   787
           D:6 |       0 |    1097 |   0.0 |       0 |      65 |   0.0 |   792
               +---------+---------+-------+---------+---------+-------+---------

Vault maps used:
D:1:      dpeg_arrival_lava_temple_mockup, minmay_large_rounded_square,
          hangedman_decor_lopped, minmay_heptomino_l4
D:2:      kennysheep_six_static_rooms, nicolae_overflow_crystal_walls,
          led_sif_pool, first_ration, uniq_natasha
D:3:      kennysheep_pointless_box
D:4:      minmay_temple_entry_glassed_door, uniq_duvessa
D:5:      lemuel_crystal_altar, overflow_temple_1_default, uniq_ijyb
D:6:      lemuel_castle_with_subvaults, minmay_misc_feat_secret_circle,
          uniq_blork_the_orc, uniq_grinder

Table legend:
 A = Turns spent in this place as a percentage of turns spent in the entire game.
 B = Non-inter-level travel turns spent in this place as a percentage of non-inter-level travel turns spent in the entire game.
 C = Inter-level travel turns spent in this place as a percentage of turns spent in this place.
 D = Turns resting spent in this place as a percentage of non-inter-level travel turns spent in this place.
 E = Turns spent auto-exploring this place as a percentage of non-inter-level travel turns spent in this place.
 F = Non-inter-level travel turns spent in this place divided by the number of levels of this place that you've seen.
                   A       B       C       D       E      F
               +-------+-------+-------+-------+-------+----------------------
         Total | 100.0 | 100.0 |   5.1 |   0.6 |  78.2 | 798.7
       Dungeon | 100.0 | 100.0 |   5.1 |   0.6 |  78.2 | 798.7
               +-------+-------+-------+-------+-------+----------------------

Table legend:
 A = Kills in this place as a percentage of kills in entire the game.
 B = Kills by you in this place as a percentage of kills by you in the entire game.
 C = Kills by friends in this place as a percentage of kills by friends in the entire game.
 D = Other kills in this place as a percentage of other kills in the entire game.
 E = Experience gained in this place as a percentage of experience gained in the entire game.
 F = Experience gained in this place divided by the number of levels of this place that you have seen.
                   A       B       C       D       E      F
               +-------+-------+-------+-------+-------+----------------------
         Total | 100.0 | 100.0 |   N/A |   N/A | 100.0 | 473.5
       Dungeon | 100.0 | 100.0 |   N/A |   N/A | 100.0 | 473.5
               +-------+-------+-------+-------+-------+----------------------
